Map: Ever Dream LE

Players

PtitDrogo

  • Race: Protoss Protoss
  • League: Master
  • Spawn Location: 7:00

HeroMarine - Winner!

  • Race: Terran Terran
  • League: Master
  • Spawn Location: 1:00

Event: DreamHack SC2 Masters 2020 Summer Europe

VOD

Have the link to the VOD?

Description

Time

  • Played on: July 10, 2020, 11:19 a.m.
  • Length: 11:32

All games in this series

Show
View Real Time Build Order
Export as new Build Order

PtitDrogo Protoss 

Build Orders: 1 Gate Expand, Blink Stalkers 

Get SALT Encoding   

  12  0:00  Probe  
  13  0:12  Probe  
  14  0:16  Pylon  
  14  0:24  Probe  
  15  0:32  Probe  
  15  0:34  Gateway  
  15  0:40  Probe  
  16  0:46  Assimilator  
  17  0:51  Probe  
  18  1:03  Probe  
  19  1:15  Probe  
  20  1:21  Cybernetics Core  
  20  1:31  Nexus  
  20  1:37  Pylon  
  20  1:43  Probe  
  21  1:47  Adept, Assimilator  
  21  1:55  Probe  
  24  2:01  Shield Battery  
  24  2:04  Warp Gate  
  24  2:07  Probe, Stalker  
  25  2:21  Probe  
  28  2:32  Twilight Council  
  28  2:34  Probe  
  29  2:42  Stalker  
  31  2:44  Probe  
  31  2:46  Probe  
  33  2:52  Probe  
  33  2:58  Probe  
  35  3:00  Blink  
  35  3:02  Probe  
  36  3:10  Probe  
  36  3:12  Robotics Facility  
  37  3:14  Probe  
  36  3:22  Probe, Gateway  
  36  3:27  Probe  
  38  3:30  Gateway  
  38  3:39  Gateway  
  38  3:44  Probe  
  38  3:47  Probe  
  40  3:55  Pylon  
  40  3:56  Probe  
  40  3:59  Probe, Stalker  
  40  4:00  Observer  
  45  4:08  Probe, Pylon  
  46  4:13  Probe  
  46  4:14  Assimilator  
  47  4:17  Stalker  
  47  4:20  Probe, Warp Prism  
  52  4:25  Stalker  
  52  4:27  Probe  
  52  4:30  Stalker  
  57  4:35  Probe  
  57  4:38  Pylon  
  58  4:48  Assimilator  
  58  4:52  Stalker  
  58  4:53  Stalker  
  58  4:57  Observer  
  58  4:59  Stalker x2  
  66  5:02  Pylon  
  66  5:04  Pylon  
  66  5:14  Probe  
  66  5:16  Observer  
  67  5:22  Stalker  
  67  5:23  Stalker x3  
  69  5:39  Probe  
  69  5:40  Probe  
  69  5:42  Robotics Bay  
  71  5:46  Stalker x3  
  71  5:49  Stalker  
  77  5:59  Probe  
  78  6:07  Nexus  
  78  6:11  Probe  
  69  6:12  Stalker x2  
  69  6:15  Probe  
  69  6:16  Stalker  
  73  6:24  Stalker  
  73  6:25  Probe  
  74  6:27  Probe  
  75  6:36  Stalker x2  
  75  6:38  Probe  
  68  6:55  Colossus  
  64  7:07  Probe x2  
  72  7:11  Stalker x4  
  80  7:18  Pylon, Observer  
  80  7:19  Probe x2  
  80  7:35  Probe, Nexus  
  76  7:39  Probe  
  76  7:41  Stalker  
  76  7:42  Stalker  
  76  7:44  Probe  
  82  7:47  Probe  
  83  7:52  Probe  
  85  7:58  Probe, Colossus  
  85  8:04  Stalker  
  94  8:11  Extended Thermal Lance  
  94  8:13  Charge, Pylon  
  94  8:17  Observer  
  92  8:24  Probe x2  
  92  8:26  Templar Archives  
  92  8:33  Stalker  
  92  8:35  Sentry  
  92  8:36  Probe x2  
  92  8:39  Observer  
  96  8:47  Forge  
  94  8:48  Probe  
  94  8:49  Probe x2  
  94  8:51  Colossus  
  94  8:53  Protoss Ground Weapons Level 1  
  95  9:01  Probe x2  
  103  9:03  Probe  
  104  9:16  Assimilator  
  104  9:20  Assimilator  
  104  9:22  High Templar x2  
  104  9:23  Zealot x2  
  104  9:24  Pylon  
  113  9:27  Archon  
  111  9:34  Gateway  
  111  9:35  Gateway  
  111  9:37  Gateway  
  111  9:38  Gateway  
  111  9:40  Warp Prism  
  111  9:42  Probe x2  
  113  9:52  Probe  
  116  9:56  High Templar x2  
  116  9:57  Zealot  
  116  9:58  Pylon  
  122  10:04  Archon  
  122  10:11  Pylon  
  122  10:13  Pylon  
  122  10:15  Zealot  
  124  10:27  Pylon  
  124  10:33  High Templar x3  
  124  10:34  Zealot, High Templar  
  124  10:35  Zealot x3  
  140  10:38  Pylon, Archon x2  
  140  10:41  Pylon  
  140  10:48  Photon Cannon  
  140  10:56  High Templar  
  140  10:57  Zealot x2, High Templar  
  144  11:01  Archon  
  146  11:05  Pylon  
  146  11:06  Zealot x4  
  127  11:21  Zealot x2  
Show
View Real Time Build Order
Export as new Build Order

HeroMarine Terran - Winner!

Build Orders:  

Get SALT Encoding   

  12  0:00  SCV  
  13  0:12  SCV  
  14  0:17  Supply Depot  
  14  0:25  SCV  
  15  0:38  SCV  
  15  0:39  Barracks  
  16  0:43  Refinery  
  16  0:50  SCV  
  17  1:02  SCV  
  18  1:15  SCV  
  19  1:26  Marine  
  19  1:27  Orbital Command  
  20  1:44  Command Center  
  20  1:46  Barracks Reactor  
  20  1:50  Supply Depot  
  20  1:52  SCV  
  21  2:05  SCV, Factory  
  22  2:14  Refinery  
  22  2:17  SCV  
  22  2:22  Marine x2  
  25  2:29  SCV  
  26  2:39  Marine x2  
  26  2:41  SCV  
  29  2:50  Widow Mine  
  31  2:51  Starport  
  31  2:55  SCV  
  31  2:57  Marine x2  
  34  3:08  SCV  
  34  3:13  Widow Mine  
  34  3:15  Marine x2  
  37  3:20  SCV  
  37  3:24  Orbital Command  
  38  3:28  Medivac, Supply Depot  
  38  3:32  SCV  
  38  3:33  Marine x2  
  43  3:35  Factory Tech Lab  
  43  3:44  SCV  
  43  3:46  Bunker  
  43  3:50  SCV  
  43  3:51  Marine x2  
  46  3:56  Siege Tank  
  46  3:59  Supply Depot  
  49  4:05  SCV x2  
  51  4:11  Supply Depot  
  51  4:14  Marine x2  
  53  4:20  Liberator  
  53  4:23  SCV x2  
  58  4:28  Siege Tank  
  61  4:31  Supply Depot  
  61  4:33  Marine x2  
  61  4:35  SCV  
  61  4:36  SCV  
  65  4:43  Supply Depot  
  65  4:47  SCV  
  65  4:48  SCV  
  65  4:51  Marine x2  
  69  4:59  SCV  
  70  5:00  SCV  
  70  5:05  Siege Tank  
  74  5:09  Starport Tech Lab, Marine x2  
  74  5:11  SCV  
  74  5:13  SCV  
  77  5:17  Command Center  
  77  5:19  Supply Depot  
  77  5:26  Marine  
  77  5:27  Supply Depot, Marine  
  77  5:28  Banshee  
  82  5:32  SCV x2  
  81  5:40  Siege Tank  
  84  5:44  SCV x2, Marine  
  84  5:45  Marine  
  88  5:52  Supply Depot  
  86  5:59  Barracks  
  86  6:01  SCV x2  
  86  6:02  Bunker  
  88  6:08  Marine  
  89  6:12  Siege Tank  
  89  6:13  SCV  
  89  6:14  SCV  
  94  6:19  Marine, Barracks  
  94  6:24  Banshee  
  94  6:26  Marine  
  94  6:29  Refinery  
  94  6:31  SCV, Engineering Bay, Refinery  
  94  6:32  SCV, Engineering Bay  
  97  6:37  Marine  
  95  6:43  Marine  
  95  6:44  SCV x2  
  83  6:56  SCV x2  
  83  6:58  Siege Tank  
  81  7:08  SCV x2  
  82  7:10  Barracks  
  76  7:17  Stimpack  
  76  7:19  Barracks  
  76  7:20  SCV x2  
  76  7:21  Marine x3  
  78  7:30  Barracks Tech Lab  
  78  7:32  SCV x2  
  80  7:40  Marauder  
  82  7:49  Marine x2  
  82  7:50  Marine  
  85  7:54  SCV  
  85  7:57  Terran Infantry Weapons Level 1  
  86  7:59  Command Center  
  86  8:01  Marauder  
  86  8:04  Barracks Reactor, Starport Reactor  
  86  8:05  SCV  
  89  8:06  SCV  
  89  8:07  Marine x2  
  92  8:13  Terran Infantry Armor Level 1  
  92  8:15  Barracks Tech Lab  
  92  8:17  SCV  
  92  8:18  SCV  
  93  8:21  Marauder  
  93  8:23  Marauder  
  93  8:25  Marine x2  
  98  8:29  SCV  
  98  8:31  SCV  
  100  8:34  Combat Shield  
  100  8:36  Marauder  
  102  8:41  SCV  
  102  8:42  Marauder, Marine  
  102  8:43  SCV, Marine x3  
  110  8:53  SCV, Medivac  
  115  8:57  Marauder  
  115  9:01  Supply Depot, Missile Turret  
  115  9:02  Supply Depot  
  117  9:03  Supply Depot  
  117  9:04  Medivac, Missile Turret, Marine  
  118  9:11  SCV x2, Marauder, Marine x4  
  126  9:17  Siege Tank  
  126  9:19  Marauder  
  126  9:22  Refinery  
  126  9:23  SCV x2  
  133  9:25  Refinery  
  133  9:26  Medivac  
  133  9:27  Orbital Command  
  135  9:34  Medivac  
  135  9:35  SCV x2  
  135  9:37  Marauder x2  
  143  9:38  Marine x2  
  143  9:39  Marine x2  
  143  9:44  Marauder  
  148  9:50  Siege Tank  
  149  9:53  Concussive Shells  
  149  9:56  Marine x2  
  149  9:58  Marauder x2  
  154  10:08  Medivac  
  154  10:09  Medivac  
  154  10:13  Supply Depot  
  154  10:14  Supply Depot, Marauder  
  157  10:17  Supply Depot  
  157  10:19  Marauder  
  157  10:20  Marauder, Marine x2  
  160  10:31  Siege Tank  
  160  10:34  Marine  
  164  10:36  Marauder  
  164  10:38  Viking  
  164  10:39  Viking  
  170  10:43  Marauder x2  
  174  11:00  Marauder, Marine x2  
  174  11:03  SCV x3  
  179  11:05  Marauder  
Tags
 
Add a new tag
Caveats
  • Supply blocks, unpowered buildings, or Contaminate may cause inaccurate times.
  • Supply counts are checked every 10 seconds.